PCL
DISTRICT 9 PRAWNS @ SANTA MONICA BRUINS
05/21/2030
 
TOP OF THE 1ST
District 9 Prawns batting - Pitching for Santa Monica Bruins : LHP Rafael Alemán
Pitching: LHP Rafael Alemán
Batting: SHB Júlio Macías 0-0: Ball
1-0: Ball
2-0: Ground out U3 (Groundball, 34)
Batting: LHB Manuel Cardenas 0-0: Ball
1-0: Ball
2-0: Ball
3-0: Base on Balls
Batting: LHB Terry Simpson 0-0: Foul Ball, location: 2F
0-1: Called Strike
0-2: Strikes out swinging
Batting: RHB Brady McIntyre 0-0: Called Strike
0-1: Ground out 1-3 (Groundball, 13)
Top of the 1st over - 0 runs, 0 hits, 0 errors, 1 left on base; District 9 0 - Santa Monica 0
BOTTOM OF THE 1ST
Santa Monica Bruins batting - Pitching for District 9 Prawns : RHP Víctor Ventura
Pitching: RHP Víctor Ventura
Batting: LHB Michael Myers 0-0: Ball
1-0: Called Strike
1-1: Swinging Strike
1-2: Strikes out looking
Batting: RHB Javier González 0-0: Ball
1-0: Called Strike
1-1: Ball
2-1: Ground out 1-3 (Groundball, 13S)
Batting: RHB Luis Martínez 0-0: Ball
1-0: Ball
2-0: Ball
3-0: Called Strike
3-1: Foul Ball, location: 2F
3-2: Foul Ball, location: 2F
3-2: Base on Balls
Batting: RHB Salvador Salas 0-0: Ball
1-0: Called Strike
1-1: Foul Ball, location: 2F
1-2: Strikes out swinging
Bottom of the 1st over - 0 runs, 0 hits, 0 errors, 1 left on base; District 9 0 - Santa Monica 0
TOP OF THE 2ND
District 9 Prawns batting - Pitching for Santa Monica Bruins : LHP Rafael Alemán
Batting: RHB José Colón 0-0: Ball
1-0: Called Strike
1-1: Swinging Strike
1-2: Foul Ball, location: 2F
1-2: SINGLE (Groundball, 4D)
Batting: LHB António Romo 0-0: Foul Ball, location: 2F
0-1: Ball
1-1: DOUBLE (Flyball, 8RXD)
José Colón to third
Runner from 3rd tries for Home, SAFE, no throw
Batting: RHB Bernardo Corona 0-0: Ball
1-0: SINGLE (Groundball, 56S) (infield hit)
António Romo to third
Batting: LHB Culley Vaughan 0-0: Called Strike
0-1: Swinging Strike
0-2: SINGLE (Line Drive, 8LS)
António Romo scores
Bernardo Corona to second
Batting: RHB Alfredo Rangel 0-0: Called Strike
0-1: Swinging Strike
0-2: Strikes out swinging
Batting: SHB Júlio Macías 0-0: Ball
1-0: Fly out, F8 (Flyball, 8LM)
Batting: LHB Manuel Cardenas 0-0: Foul Ball, location: 2F
0-1: Foul Ball, location: 2F
0-2: Ball
1-2: Ball
2-2: Strikes out swinging
Top of the 2nd over - 2 runs, 4 hits, 0 errors, 2 left on base; District 9 2 - Santa Monica 0
BOTTOM OF THE 2ND
Santa Monica Bruins batting - Pitching for District 9 Prawns : RHP Víctor Ventura
Batting: LHB Arthur MacDonald 0-0: Called Strike
0-1: Ball
1-1: Called Strike
1-2: Foul Ball, location: 2F
1-2: Fly out, F7 (Flyball, 7D)
Batting: RHB Tadakuni Sugiyama 0-0: Ball
1-0: Ball
2-0: Swinging Strike
2-1: Ball
3-1: Foul Ball, location: 2F
3-2: Ground out 1-3 (Groundball, 13)
Batting: LHB Jorge Souza 0-0: Ground out 4-3 (Groundball, 4)
Bottom of the 2nd over - 0 runs, 0 hits, 0 errors, 0 left on base; District 9 2 - Santa Monica 0
TOP OF THE 3RD
District 9 Prawns batting - Pitching for Santa Monica Bruins : LHP Rafael Alemán
Batting: LHB Terry Simpson 0-0: Ball
1-0: Called Strike
1-1: Ball
2-1: Ball
3-1: SINGLE (Line Drive, 56)
Batting: RHB Brady McIntyre 0-0: SINGLE (Groundball, 56D)
Terry Simpson to second
Batting: RHB José Colón 0-0: Foul Ball, location: 2F
0-1: Called Strike
0-2: Foul Ball, location: 2F
0-2: Strikes out swinging
Batting: LHB António Romo 0-0: Ball
1-0: Swinging Strike
1-1: Foul Ball, location: 2F
1-2: Strikes out swinging
Batting: RHB Bernardo Corona 0-0: Foul Ball, location: 2F
0-1: Foul Ball, location: 2F
0-2: Ball
1-2: Strikes out looking
Top of the 3rd over - 0 runs, 2 hits, 0 errors, 2 left on base; District 9 2 - Santa Monica 0
BOTTOM OF THE 3RD
Santa Monica Bruins batting - Pitching for District 9 Prawns : RHP Víctor Ventura
Batting: RHB Ernest Russell 0-0: Ball
1-0: Swinging Strike
1-1: Swinging Strike
1-2: Ball
2-2: Foul Ball, location: 2F
2-2: Foul Ball, location: 2F
2-2: Strikes out looking
Batting: LHB Gonzalo Benítez 0-0: Foul Ball, location: 2F
0-1: Ball
1-1: Fly out, F9 (Flyball, 9S)
Batting: LHB Michael Myers 0-0: Ground out 4-3 (Groundball, 4)
Bottom of the 3rd over - 0 runs, 0 hits, 0 errors, 0 left on base; District 9 2 - Santa Monica 0
TOP OF THE 4TH
District 9 Prawns batting - Pitching for Santa Monica Bruins : LHP Rafael Alemán
Batting: LHB Culley Vaughan 0-0: Called Strike
0-1: Swinging Strike
0-2: Ball
1-2: Strikes out swinging
Batting: RHB Alfredo Rangel 0-0: Ball
1-0: Ball
2-0: Ball
3-0: Base on Balls
Batting: SHB Júlio Macías 0-0: Fly out, F9 (Flyball, 9LS)
Batting: LHB Manuel Cardenas 0-0: Ball
1-0: Ball
2-0: Called Strike
2-1: DOUBLE (Line Drive, 7LM)
Alfredo Rangel to third
Runner from 3rd tries for Home, SAFE, no throw
Batting: LHB Terry Simpson 0-0: Ball
1-0: Foul Ball, location: 2F
1-1: Ball
2-1: Foul Ball, location: 2F
2-2: Strikes out swinging
Top of the 4th over - 1 run, 1 hit, 0 errors, 1 left on base; District 9 3 - Santa Monica 0
BOTTOM OF THE 4TH
Santa Monica Bruins batting - Pitching for District 9 Prawns : RHP Víctor Ventura
Batting: RHB Javier González 0-0: Called Strike
0-1: Ball
1-1: Foul Ball, location: 2F
1-2: Foul Ball, location: 2F
1-2: Ball
2-2: Ball
3-2: Foul Ball, location: 2F
3-2: Foul Ball, location: 2F
3-2: Base on Balls
Batting: RHB Luis Martínez 0-0: Ball
1-0: Ball
2-0: Called Strike
2-1: Foul Ball, location: 2F
2-2: Ball
3-2: Fly out, F8 (Flyball, 8RD)
Batting: RHB Salvador Salas 0-0: Called Strike
0-1: Ball
Javier González is caught stealing 2nd base
1-1: Ball
2-1: Foul Ball, location: 2F
2-2: Foul Ball, location: 2F
2-2: Fly out, F8 (Line Drive, 8LM)
Bottom of the 4th over - 0 runs, 0 hits, 0 errors, 0 left on base; District 9 3 - Santa Monica 0
TOP OF THE 5TH
District 9 Prawns batting - Pitching for Santa Monica Bruins : LHP Rafael Alemán
Batting: RHB Brady McIntyre 0-0: Ball
1-0: Called Strike
1-1: Ball
2-1: Swinging Strike
2-2: Foul Ball, location: 2F
2-2: Foul Ball, location: 2F
2-2: SINGLE (Line Drive, 9S)
Batting: RHB José Colón 0-0: Ball
1-0: Called Strike
1-1: Ball
2-1: Ball
3-1: Base on Balls
Brady McIntyre to second
Batting: LHB António Romo 0-0: Called Strike
0-1: Called Strike
0-2: Ball
1-2: Ball
2-2: Ball
3-2: Strikes out swinging
Batting: RHB Bernardo Corona 0-0: Ball
1-0: SINGLE (Groundball, 6D)
Brady McIntyre to third
José Colón to second
Batting: LHB Culley Vaughan 0-0: Called Strike
0-1: Swinging Strike
0-2: DOUBLE (Line Drive, 9LM)
Brady McIntyre scores
José Colón scores
Bernardo Corona to third
Batting: RHB Alfredo Rangel 0-0: Ground out 6-3 (Groundball, 6)
Bernardo Corona scores
Batting: SHB Júlio Macías 0-0: Called Strike
0-1: Ball
1-1: Foul Ball, location: 2F
1-2: Ball
2-2: Ball
3-2: SINGLE (Groundball, 4MD)
Culley Vaughan to third
Culley Vaughan scores
Pitching: RHP Rick Hernández
Batting: LHB Manuel Cardenas 0-0: Ball
Júlio Macías steals 2nd base
1-0: Ball
2-0: Ball
3-0: Base on Balls
Batting: LHB Terry Simpson 0-0: Ball
1-0: Fly out, F9 (Flyball, 9S)
Top of the 5th over - 4 runs, 4 hits, 0 errors, 2 left on base; District 9 7 - Santa Monica 0
BOTTOM OF THE 5TH
Santa Monica Bruins batting - Pitching for District 9 Prawns : RHP Víctor Ventura
Batting: LHB Arthur MacDonald 0-0: Ball
1-0: Called Strike
1-1: Ball
2-1: Foul Ball, location: 2F
2-2: Ball
3-2: Foul Ball, location: 2F
3-2: Ground out 2-3 (Groundball, 15S)
Batting: RHB Tadakuni Sugiyama 0-0: Called Strike
0-1: Ball
1-1: Ball
2-1: SINGLE (Groundball, 3D)
Batting: LHB Jorge Souza 0-0: Ball
1-0: Swinging Strike
1-1: Called Strike
1-2: Ball
2-2: Ball
3-2: Foul Ball, location: 2F
3-2: Base on Balls
Tadakuni Sugiyama to second
Batting: RHB Ernest Russell 0-0: Called Strike
0-1: Fly out, F9 (Flyball, 9D)
Batting: LHB Gonzalo Benítez 0-0: Ball
1-0: Ball
2-0: Foul Ball, location: 2F
2-1: Called Strike
2-2: Foul Ball, location: 2F
2-2: Foul Ball, location: 2F
2-2: Strikes out swinging
Bottom of the 5th over - 0 runs, 1 hit, 0 errors, 2 left on base; District 9 7 - Santa Monica 0
TOP OF THE 6TH
District 9 Prawns batting - Pitching for Santa Monica Bruins : RHP Rick Hernández
Batting: RHB Brady McIntyre 0-0: Fly out, F7 (Line Drive, 7S)
Batting: RHB José Colón 0-0: Ball
1-0: Called Strike
1-1: Swinging Strike
1-2: Ball
2-2: Strikes out swinging
Batting: LHB António Romo 0-0: Called Strike
0-1: Ball
1-1: Foul Ball, location: 2F
1-2: Strikes out swinging
Top of the 6th over - 0 runs, 0 hits, 0 errors, 0 left on base; District 9 7 - Santa Monica 0
BOTTOM OF THE 6TH
Santa Monica Bruins batting - Pitching for District 9 Prawns : RHP Víctor Ventura
Batting: LHB Michael Myers 0-0: Ball
1-0: Fly out, F9 (Flyball, 9)
Batting: RHB Javier González 0-0: SOLO HOME RUN (Flyball, 7D), Distance : 357 ft
Batting: RHB Luis Martínez 0-0: Ball
1-0: Called Strike
1-1: Foul Ball, location: 2F
1-2: Ball
2-2: Fly out, F8 (Flyball, 8RD)
Batting: RHB Salvador Salas 0-0: Ball
1-0: Foul Ball, location: 2F
1-1: Ball
2-1: Fly out, F3 (Popup, 3F)
Bottom of the 6th over - 1 run, 1 hit, 0 errors, 0 left on base; District 9 7 - Santa Monica 1
TOP OF THE 7TH
District 9 Prawns batting - Pitching for Santa Monica Bruins : RHP Rick Hernández
Batting: RHB Bernardo Corona 0-0: Called Strike
0-1: Ball
1-1: Ball
2-1: Swinging Strike
2-2: Fly out, F3 (Popup, 3SF)
Batting: LHB Culley Vaughan 0-0: Ball
1-0: Fly out, F7 (Line Drive, 7)
Batting: RHB Alfredo Rangel 0-0: Swinging Strike
0-1: Ball
1-1: Ball
2-1: Ball
3-1: Base on Balls
Batting: SHB Júlio Macías 0-0: Ball
1-0: Called Strike
1-1: Swinging Strike
1-2: Strikes out swinging
Top of the 7th over - 0 runs, 0 hits, 0 errors, 1 left on base; District 9 7 - Santa Monica 1
BOTTOM OF THE 7TH
Santa Monica Bruins batting - Pitching for District 9 Prawns : RHP Víctor Ventura
Pitching: RHP Juan Gutiérrez
Batting: LHB Arthur MacDonald 0-0: Foul Ball, location: 2F
0-1: Ball
1-1: Ball
2-1: Foul Ball, location: 2F
2-2: Foul Ball, location: 2F
2-2: Ball
3-2: Foul Ball, location: 2F
3-2: Base on Balls
Batting: RHB Tadakuni Sugiyama 0-0: Ball
1-0: Foul Ball, location: 2F
1-1: Ball
2-1: Foul Ball, location: 2F
2-2: Foul Ball, location: 2F
2-2: Strikes out swinging
Batting: LHB Jorge Souza 0-0: Ball
1-0: Called Strike
1-1: SINGLE (Groundball, 3D)
Arthur MacDonald to second
Runner from 2nd tries for 3rd, SAFE, no throw
Batting: RHB Ernest Russell 0-0: Called Strike
0-1: Foul Ball, location: 2F
0-2: Ball
1-2: Ball
2-2: Foul Ball, location: 2F
2-2: Foul Ball, location: 2F
2-2: Foul Ball, location: 2F
2-2: Foul Ball, location: 2F
2-2: Foul Ball, location: 2F
2-2: SINGLE (Groundball, 56D)
Arthur MacDonald scores
Jorge Souza to second
Batting: LHB Gonzalo Benítez 0-0: Hit by Pitch
Jorge Souza to third
Ernest Russell to second
Pitching: LHP Ricardo Vega
Batting: LHB Michael Myers 0-0: Fly out, F2 (Popup, 25F)
Pitching: RHP Johnathan McJannett
Batting: RHB Javier González 0-0: Ball
1-0: Ball
2-0: Swinging Strike
2-1: Fly out, F7 (Flyball, 7LM)
Bottom of the 7th over - 1 run, 2 hits, 0 errors, 3 left on base; District 9 7 - Santa Monica 2
TOP OF THE 8TH
District 9 Prawns batting - Pitching for Santa Monica Bruins : RHP Rick Hernández
Batting: LHB Manuel Cardenas 0-0: Foul Ball, location: 2F
0-1: SOLO HOME RUN (Line Drive, 9D), Distance : 368 ft
Batting: LHB Terry Simpson 0-0: Ball
1-0: Ball
2-0: Swinging Strike
2-1: Ball
3-1: Swinging Strike
3-2: Foul Ball, location: 2F
3-2: Base on Balls
Batting: RHB Brady McIntyre 0-0: Called Strike
0-1: Fly out, F7 (Flyball, 7LS)
Batting: RHB José Colón 0-0: Called Strike
0-1: Ball
1-1: Ball
2-1: Foul Ball, location: 2F
2-2: Ball
3-2: Strikes out looking
Batting: LHB António Romo 0-0: Ball
1-0: Ball
2-0: Foul Ball, location: 2F
2-1: Ball
3-1: Ground out U3 (Groundball, 34S)
Top of the 8th over - 1 run, 1 hit, 0 errors, 1 left on base; District 9 8 - Santa Monica 2
BOTTOM OF THE 8TH
Santa Monica Bruins batting - Pitching for District 9 Prawns : RHP Johnathan McJannett
Now in LF: Donnie Cunningham
Batting: RHB Luis Martínez 0-0: SINGLE (Flyball, 7LS)
Batting: RHB Salvador Salas 0-0: Foul Ball, location: 2F
0-1: Ball
1-1: Swinging Strike
1-2: Ball
2-2: Ball
3-2: Strikes out swinging
Batting: LHB Arthur MacDonald 0-0: Ball
1-0: Fielders Choice at 2nd, 5-4 (Groundball, 56)
Batting: RHB Tadakuni Sugiyama 0-0: Called Strike
0-1: Ball
1-1: SINGLE (Groundball, 4D)
Arthur MacDonald to second
Runner from 2nd tries for 3rd, SAFE, no throw
Batting: LHB Jorge Souza 0-0: Ball
1-0: Ball
2-0: Fielders Choice at 2nd, 6-4 (Groundball, 6)
Bottom of the 8th over - 0 runs, 2 hits, 0 errors, 2 left on base; District 9 8 - Santa Monica 2
TOP OF THE 9TH
District 9 Prawns batting - Pitching for Santa Monica Bruins : RHP Rick Hernández
Batting: RHB Bernardo Corona 0-0: Ball
1-0: Ball
2-0: Ball
3-0: Called Strike
3-1: Fly out, F8 (Flyball, 8LM)
Batting: LHB Culley Vaughan 0-0: Ball
1-0: Ground out 6-3 (Groundball, 6S)
Batting: RHB Alfredo Rangel 0-0: SOLO HOME RUN (Flyball, 7D), Distance : 350 ft
Batting: SHB Júlio Macías 0-0: Called Strike
0-1: Swinging Strike
0-2: Ball
1-2: Ball
2-2: Strikes out swinging
Top of the 9th over - 1 run, 1 hit, 0 errors, 0 left on base; District 9 9 - Santa Monica 2
BOTTOM OF THE 9TH
Santa Monica Bruins batting - Pitching for District 9 Prawns : RHP Johnathan McJannett
Batting: RHB Ernest Russell 0-0: Ball
1-0: SINGLE (Flyball, 7S)
Batting: LHB Gonzalo Benítez 0-0: Called Strike
0-1: Swinging Strike
0-2: Strikes out swinging
Batting: LHB Michael Myers 0-0: Foul Ball, location: 2F
0-1: Ball
1-1: Fly out, F9 (Flyball, 89M)
Pinch Hitting: RHB Pablo Peña 0-0: Swinging Strike
0-1: Swinging Strike
0-2: Ball
1-2: Foul Ball, location: 2F
1-2: Strikes out swinging
Bottom of the 9th over - 0 runs, 1 hit, 0 errors, 1 left on base; District 9 9 - Santa Monica 2
Saturday, April 7th, 2018 - OOTP Baseball 18.8 Build 76